 Dungeon Crawl Stone Soup version 0.29-a0-857-g9b1aa3ac5b (webtiles) character file.

Game seed: 15326041664198040050

42 concernfroge the Trooper (level 3, 0/31 HPs)
             Began as a Mummy Monk on July 17, 2022.
             Slain by a gnoll
             ... wielding a +0 spear
              (2 damage)
             ... on level 2 of the Dungeon.
             The game lasted 00:03:58 (1503 turns).

concernfroge the Trooper (Mummy Monk)               Turns: 1503, Time: 00:03:59

Health: 0/31       AC:  6    Str: 16    XL:     3   Next: 35%
Magic:  3/3        EV: 11    Int:  9    God:
Gold:   103        SH:  0    Dex: 14    Spells: 2/2 levels left

rFire   x . .      SeeInvis .   i - +0 war axe
rCold   + + .      Faith    .   (no shield)
rNeg    + + +      Spirit   .   e - +0 ring mail
rPois   ∞          Reflect  .   j - +0 helmet
rElec   .          Harm     .   (no cloak)
rCorr   +          Rampage  .   (no gloves)
Will    .....                   (no boots)
Stlth   +.........              (no amulet)
HPRegen 0.10/turn               g - ring of protection from cold
MPRegen 0.08/turn               h - ring of resist corrosion

@: no status effects
A: cold resistance 1, negative energy resistance 3, torment resistance 2, heat
vulnerability 1, in touch with death 1, no potions
a: no special abilities


You were on level 2 of the Dungeon.
You visited 1 branch of the dungeon, and saw 2 of its levels.

You collected 103 gold pieces.

Inventory:

Hand Weapons
 a - a +0 hand axe
 i - a +0 war axe (weapon)
Armour
 b - a +0 robe
 e - a +0 ring mail (worn)
 j - a +0 helmet (worn)
Jewellery
 g - a ring of protection from cold (left hand)
 h - a ring of resist corrosion (right hand)
Scrolls
 c - a scroll of acquirement {unknown}
 d - 2 scrolls of fear {unknown}
 f - 6 scrolls of identify {unknown}
 k - a scroll of teleportation {unknown}


   Skills:
 + Level 4.5 Fighting
 - Level 2.4 Axes
 - Level 2.4 Dodging
 - Level 1.5 Stealth


You had 2 spell levels left.
You didn't know any spells.
Your spell library contained the following spells:

 Spells                   Type           Power      Damage    Failure   Level
 Frozen Ramparts          Ice            0%         1d2       93%         3
 Summon Ice Beast         Ice/Summ       0%         N/A       100%        4
 Ice Form                 Ice/Tmut       Unusable   N/A       N/A         4

Dungeon Overview and Level Annotations

Branches:
Dungeon (2/15)

Altars:

Annotations:
D:2 Terence


Innate Abilities, Weirdness & Mutations

You are immune to poison.
Your flesh is cold resistant. (rC+)
You are immune to negative energy. (rN+++)
You are immune to unholy pain and torment.
You are vulnerable to heat. (rF-)
You are in touch with the powers of death.
You do not drink.


Message History

Terence barely misses you.
The endoplasm moves out of view.
You barely miss Terence. You hit the gnoll. The gnoll hits you with a +0 flail.
Terence hits you with a +0 flail. The gnoll completely misses you.
You hit Terence but do no damage. You hit the gnoll.
The gnoll hits you with a +0 flail. The gnoll closely misses you.
Terence barely misses you.
An endoplasm comes into view.
The gnoll closely misses you.
The gnoll hits you from afar with a +0 spear.
The gnoll barely misses you. Terence barely misses you.
The gnoll hits you but does no damage.
The endoplasm quivers.
You hit Terence.
Terence is lightly wounded.
You closely miss the gnoll. The gnoll closely misses you.
The gnoll hits you from afar with a +0 spear.
Terence hits you but does no damage. The gnoll hits you but does no damage.
A worm comes into view.
You barely miss Terence.
Terence is lightly wounded.
You hit the gnoll. The gnoll hits you with a +0 flail.
The gnoll closely misses you. Terence hits you with a +0 flail.
The gnoll misses you.
You hit Terence.
Terence is moderately wounded.
You hit the gnoll but do no damage. You hit the endoplasm.
You kill the endoplasm!
The gnoll hits you from afar with a +0 spear.
* * * LOW HITPOINT WARNING * * *
The gnoll hits you with a +0 flail.
* * * LOW HITPOINT WARNING * * *
The gnoll barely misses you. Terence misses you.
A gnoll comes into view. It is wielding a +0 flail.
The gnoll hits you but does no damage.
The gnoll hits you from afar with a +0 spear.
* * * LOW HITPOINT WARNING * * *
Terence hits you with a +0 flail.
* * * LOW HITPOINT WARNING * * *
The gnoll hits you from afar with a +0 spear.
You die...

### #.. #.# #.#### ##
#.#.. .# #.#.######g#
.############.#.#gg..w..
................@@g.>#
#############.###..#.#
....? J[# ###.#.#..#
#.#.#..# #.... #.# #..#
###....##.# ...
.......... ### #....#


You could see Terence, a worm, 4 gnolls and an endoplasm.

Vanquished Creatures
  An adder (D:2)
  3 worms (D:2)
  3 endoplasms
  2 giant cockroaches (D:1)
  3 hobgoblins
  2 kobolds (D:1)
  3 quokkas
  6 bats
  3 rats
26 creatures vanquished.

Notes
Turn   | Place    | Note
-------+----------+-------------------------------------------
     0 | D:1      | concernfroge the Mummy Monk began the quest for the Orb.
     0 | D:1      | Reached XP level 1. HP: 18/18 MP: 1/1
   435 | D:1      | Reached XP level 2. HP: 23/24 MP: 2/2
  1124 | D:2      | Reached skill level 4 in Fighting
  1124 | D:2      | Gained mutation: You are in touch with the powers of death.
                  | [Mummy growth]
  1124 | D:2      | Reached XP level 3. HP: 26/30 MP: 3/3
  1190 | D:2      | Found a faded altar of an unknown god.
  1496 | D:2      | Noticed Terence
  1503 | D:2      | Slain by a gnoll

Illustrated notes

Levels and vault maps discovered:
D:1:      lemuel_arrival_tunnels, layout_loops_ring, minmay_domino_2
D:2:      layout_basic, hellmonk_ecumenical_altar_slurped_away, uniq_jessica,
          uniq_terence

Skill      XL: |  1  2 |
---------------+-------+-----
Fighting       | 4 |  4.5
Axes           | |  2.4
Dodging        | |  2.4
Stealth        | |  1.5

Action                   || total
-------------------------++-------
Melee: Hand axe          ||    51
       War axe           ||    52
 Stab: Sleeping          ||     1
Armor: Ring mail         ||    46
       Robe              ||     7
Dodge: Dodged            ||    85

Table legend: (Time is in decaauts)
 A = Elapsed time spent in this place.
 B = Non-inter-level travel time spent in this place.
 C = Inter-level travel time spent in this place.
 D = Time resting spent in this place.
 E = Time spent auto-exploring this place.
 F = Levels seen in this place.
 G = Mean time per level.
                   A        B        C        D        E       F      G
               +--------+--------+--------+--------+--------+-----+--------+
         Total |   1529 |   1499 |     30 |      0 |   1239 |   2 |  764.5 |
       Dungeon |   1529 |   1499 |     30 |      0 |   1239 |   2 |  764.5 |
               +--------+--------+--------+--------+--------+-----+--------+

Top non-repeatable levels by time:
     D:1: 919 daAuts
     D:2: 609 daAuts
